 Dungeon Crawl Stone Soup version 0.27-a0-1200-g94dc6ad4cf (webtiles) character file.

Game seed: 17610134736363032002

121 bilbop the Magician (level 5, -4/38 HPs)
             Began as a Djinni Venom Mage on May 30, 2021.
             Killed by nerve-wracking pain
             ... invoked by Grinder
              (6 damage)
             ... on level 3 of the Dungeon.
             The game lasted 00:15:04 (3239 turns).

bilbop the Magician (Djinni Venom Mage)             Turns: 3239, Time: 00:15:05

Health: -4/38      AC:  4    Str:  7    XL:     5   Next: 26%
Gold:   74         EV: 11    Int: 17    God:
                   SH:  0    Dex: 14

rFire    + + .     SeeInvis .   b - +0 short sword
rCold    x . .     Faith    .   (no shield)
rNeg     . . .     Spirit   .   d - +0 leather armour
rPois    ∞         Reflect  .   (no helmet)
rElec    .         Harm     .   k - +0 cloak
rCorr    .         Rampage  .   (no gloves)
Will     .....                  (boots unavailable)
Stlth    ++........             (no amulet)
HPRegen  0.12/turn              (no ring)
MPRegen  0.00/turn              (no ring)

@: flying, very slightly contaminated
A: sickness immunity, fire resistance 2, cold vulnerability 1, float, innate
caster, hp casting, extra vitality 1
a: no special abilities


You were on level 3 of the Dungeon.
You visited 1 branch of the dungeon, and saw 3 of its levels.

You collected 74 gold pieces.

Inventory:

Hand Weapons
 a - a +0 dagger
 b - a +0 short sword (weapon)
Armour
 c - a +0 robe
 d - a +0 leather armour (worn)
 k - a +0 cloak (worn)
Scrolls
 e - a scroll of acquirement {unknown}
 f - a scroll of summoning {unknown}
 j - 5 scrolls of identify {unknown}
 m - a scroll of immolation {unknown}
Potions
 g - a potion of flight {unknown}
 h - 2 potions of degeneration {unknown}
 i - a potion of brilliance {unknown}
 l - a potion of berserk rage {unknown}
 n - a potion of might {unknown}
 o - a potion of curing {unknown}


   Skills:
 + Level 2.1 Fighting
 + Level 1.8 Short Blades
 - Level 2.1 Dodging
 + Level 2.5 Stealth
 + Level 3.0 Spellcasting


You couldn't memorise any spells.
You knew the following spells:

 Your Spells              Type           Power      Damage    Failure   Level
a - Sting                 Tmut/Pois      48%        1d5       8%          1
b - Poisonous Vapours     Pois/Air       24%        N/A       12%         2
c - Mephitic Cloud        Conj/Pois/Air  12%        N/A       22%         3
d - Ignite Poison         Fire/Tmut/Pois 12%        N/A       22%         3
e - Olgreb's Toxic Radia  Pois           12%        N/A       58%         4
f - Magic Dart            Conj           48%        1d5       8%          1
g - Slow                  Hex            12%        N/A       12%         2
Your spell library was empty.

Dungeon Overview and Level Annotations

Branches:
Dungeon (3/15)

Altars:
Zin

Annotations:
D:3 Grinder


Innate Abilities, Weirdness & Mutations

You are immune to sickness and miasma.
You are immune to poison.
Your flesh is very heat resistant. (rF++)
You are vulnerable to cold. (rC-)
You float through the air rather than walking.
You learn spells naturally, not from books.
Your magical power is your life essence.
You have superior vitality. (+4 HP)


Message History

b - a +0 short sword (weapon)
Casting: Slow (safe; 12% risk of failure)
Confirm with . or Enter, or press ? or * to list all spells.
The spell is quite dangerous to cast (22% risk of failure)!
Continue anyway?
Aiming: Mephitic Cloud (quite dangerous; 22% risk of failure)
Press: ? - help, Shift-Dir - straight line, p - Grinder The ball explodes into a vile cloud!
The stinking cloud engulfs Grinder but does no damage.
You hear a bark! x3
Grinder hits you but does no damage.
Casting: Mephitic Cloud (quite dangerous; 22% risk of failure)
Confirm with . or Enter, or press ? or * to list all spells.
The spell is quite dangerous to cast (22% risk of failure)!
Continue anyway?
Aiming: Mephitic Cloud (quite dangerous; 22% risk of failure)
Press: ? - help, Shift-Dir - straight line You miscast Mephitic Cloud.
You are very lightly contaminated with residual magic.
You are blasted with magical energy!
Casting: Mephitic Cloud (quite dangerous; 22% risk of failure)
Confirm with . or Enter, or press ? or * to list all spells.
The spell is quite dangerous to cast (22% risk of failure)!
Continue anyway?
Aiming: Mephitic Cloud (quite dangerous; 22% risk of failure)
Press: ? - help, Shift-Dir - straight line The ball explodes into a vile cloud!
The stinking cloud engulfs Grinder but does no damage.
You hear a shout!
You hear a bark!
Grinder hits you!
You hear a bark!
Casting: Mephitic Cloud (quite dangerous; 22% risk of failure)
Confirm with . or Enter, or press ? or * to list all spells.
The spell is quite dangerous to cast (22% risk of failure)!
Continue anyway?
You ignite the poison in your surroundings!
* * * LOW HITPOINT WARNING * * *
Grinder hits you!
* * * LOW HITPOINT WARNING * * *
You writhe in agony.
* * * LOW HITPOINT WARNING * * *
Grinder gestures at you. Pain shoots through your body!
You die...

#...#..#
########.
#888#..#
.######.#######
..............#
....#.###..####
## #.# #.##
#.###.#####
#.........#
#####.☼.@.....#
+...○☼5.......#
#####○○.......#
#○○.......#
#.........#
#.........#
#####.....#
#.....# #######


You could see Grinder (slow).

Vanquished Creatures
  4 adders
  3 gnolls (D:2)
  A worm (D:2)
  4 dart slugs
  4 bats
  3 endoplasms (D:2)
  3 giant cockroaches
  3 goblins (D:1)
  7 hobgoblins
  2 jackals (D:1)
  4 ball pythons
  A frilled lizard (D:2)
  5 kobolds
  2 rats (D:2)
46 creatures vanquished.

Notes
Turn   | Place    | Note
-------+----------+-------------------------------------------
     0 | D:1      | bilbop the Djinni Venom Mage began the quest for the Orb.
     0 | D:1      | Reached XP level 1. HP: 15/15 MP: 0/0
   206 | D:1      | Reached XP level 2. HP: 14/22 MP: 0/0
   862 | D:1      | Reached skill level 1 in Fighting
  1030 | D:1      | Reached XP level 3. HP: 25/27 MP: 0/0
  1030 | D:1      | Learned a level 1 spell: Magic Dart
  1453 | D:2      | Found a glowing silver altar of Zin.
  1456 | D:2      | Reached skill level 1 in Short Blades
  1537 | D:2      | Reached XP level 4. HP: 10/32 MP: 0/0
  2574 | D:2      | Reached XP level 5. HP: 34/38 MP: 0/0
  2574 | D:2      | Learned a level 2 spell: Slow
  3123 | D:3      | Reached skill level 3 in Spellcasting
  3230 | D:3      | Noticed Grinder
  3239 | D:3      | Killed from afar by Grinder

Illustrated notes

Levels and vault maps discovered:
D:1:      scummos_arrival_star, layout_loops_ring
D:2:      wad_lake_hut, layout_basic, basic_altar
D:3:      layout_basic, serial_shops, nicolae_shop_behind_doors,
          shapermc_ecumenical_altar_mp_vishouse, minmay_diced_spiral,
          uniq_grinder

Skill      XL: |  1  2  3  4  5 |
---------------+----------------+-----
Fighting       | 1 2 |  2.1
Stealth        | 2 |  2.5
Short Blades   | 1 |  1.8
Spellcasting   | 3 |  3.0
Dodging        | |  2.1

Action                   |  1- 3 |  4- 6 || total
-------------------------+-------+-------++-------
Melee: Dagger            |    20 |    12 ||    32
       Short sword       |    47 |    22 ||    69
 Cast: Sting             |    21 |    19 ||    40
       Magic Dart        |       |    20 ||    20
       Poisonous Vapours |       |     3 ||     3
       Mephitic Cloud    |       |     2 ||     2
       Slow              |       |     1 ||     1
       Ignite Poison     |       |     1 ||     1
 Stab: Sleeping          |     4 |     2 ||     6
Armor: Leather armour    |    26 |    15 ||    41
Dodge: Dodged            |    35 |    30 ||    65

Table legend: (Time is in decaauts)
 A = Elapsed time spent in this place.
 B = Non-inter-level travel time spent in this place.
 C = Inter-level travel time spent in this place.
 D = Time resting spent in this place.
 E = Time spent auto-exploring this place.
 F = Levels seen in this place.
 G = Mean time per level.
                   A        B        C        D        E       F      G
               +--------+--------+--------+--------+--------+-----+--------+
         Total |   3229 |   3112 |    117 |   1072 |   1544 |   3 | 1076.3 |
       Dungeon |   3229 |   3112 |    117 |   1072 |   1544 |   3 | 1076.3 |
               +--------+--------+--------+--------+--------+-----+--------+

Top non-repeatable levels by time:
     D:1: 1663 daAuts
     D:2: 1359 daAuts
     D:3: 207 daAuts
